 Dungeon Crawl Stone Soup version 0.19.0-19-g8c6edcc (webtiles) character file.

130 lorenzova the Ducker (level 4, -1/23 HPs)
             Began as a Spriggan Monk on Nov 13, 2016.
             Slain by a leopard gecko (2 damage)
             ... on level 3 of the Dungeon.
             The game lasted 00:03:36 (2925 turns).

lorenzova the Ducker (Spriggan Monk)                Turns: 2925, Time: 00:03:37

Health: -1/23      AC:  2    Str:  7    XL:     4   Next: 90%
Magic:  5/5        EV: 22    Int: 11    God:
Gold:   145        SH:  0    Dex: 19    Spells: 0 memorised, 3 levels left

rFire  . . .     SeeInvis +     a - +0 short sword
rCold  . . .     Gourm    .     b - +0 robe
rNeg   . . .     Faith    .     (shield restricted)
rPois  .         Spirit   .     (helmet restricted)
rElec  .         Reflect  .     (no cloak)
rCorr  .         Harm     .     (gloves unavailable)
MR     .....                    (boots unavailable)
Stlth  +++.......               (no amulet)
                                (no ring)
                                (no ring)

@: very quick
A: unfitting armour, see invisible, herbivore 3, speed 3, slow metabolism 2
a: no special abilities


You were on level 3 of the Dungeon.
You were not hungry.

You visited 1 branch of the dungeon, and saw 3 of its levels.

You collected 145 gold pieces.

Inventory:

Hand Weapons
 a - a +0 short sword (weapon)
Armour
 b - a +0 robe (worn)
Scrolls
 f - 3 scrolls of remove curse {unknown}
 h - a scroll of amnesia {unknown}
 i - a scroll of random uselessness {unknown}
 k - a scroll of enchant armour {unknown}
 m - 2 scrolls of identify {unknown}
Potions
 d - 2 potions of heal wounds {unknown}
 e - a potion of lignification {unknown}
 g - a potion of degeneration {unknown}
 j - a potion of berserk rage {unknown}
 l - a potion of flight {unknown}
 n - a potion of curing {unknown}
Comestibles
 c - 2 bread rations


   Skills:
 - Level 2.4 Fighting
 + Level 4.4 Short Blades
 + Level 5.9 Dodging
 + Level 5.2 Stealth


You had 3 spell levels left.
You didn't know any spells.

Dungeon Overview and Level Annotations

Branches:
Dungeon (3/15)

Altars:


Innate Abilities, Weirdness & Mutations

You are very small and have problems with some larger weapons.
You are too small for most types of armour.
You have supernaturally acute eyesight. (SInv)
You are a herbivore.
You cover ground extremely quickly.
You need consume almost no food.


Message History

The leopard gecko closely misses you.
You hit the orc but do no damage.
The orc is moderately wounded.
The orc barely misses you. The leopard gecko bites you.
You barely miss the orc.
The orc is moderately wounded.
The orc misses you. The leopard gecko bites you.
* * * LOW HITPOINT WARNING * * *
You hit the orc but do no damage.
The orc is moderately wounded.
The orc hits you with a dagger.
* * * LOW HITPOINT WARNING * * *
The leopard gecko barely misses you.
You hit the orc.
The orc is severely wounded.
The orc closely misses you. The leopard gecko closely misses you.
You hit the orc.
You kill the orc!
The leopard gecko bites you.
You die...

#.#####.####.#
#..........#.#####
......##........(#
..........##.###.#
$.[........#.# #o#
.........###.# #o#
...........l.# #o#
#+#<....l##### #l#
.#.#....#..# #@#
...####l#..# #)#
.#.....oo#..# #.#
...........# #.#
##.##....o.o# #.#
.....#..........#
#.####.##########
# #. #.


You could see an orc wizard (invisible), 2 orcs and a leopard gecko.

Vanquished Creatures
  Jessica (D:2)
  An adder (D:2)
  An ooze (D:3)
  6 worms
  4 dart slugs
  3 leopard geckos (D:1)
  An orc (D:3)
  3 giant cockroaches (D:2)
  8 hobgoblins
  4 jackals (D:2)
  10 bats
  2 frilled lizards (D:2)
  8 goblins
  5 kobolds
  5 rats
62 creatures vanquished.

Vanquished Creatures (others)
  4 toadstools (D:1)
4 creatures vanquished.

Grand Total: 66 creatures vanquished

Notes
Turn   | Place    | Note
-------+----------+-------------------------------------------
     0 | D:1      | lorenzova the Spriggan Monk began the quest for the Orb.
     0 | D:1      | Reached XP level 1. HP: 11/11 MP: 2/2
   467 | D:1      | Reached XP level 2. HP: 16/16 MP: 3/3
   841 | D:2      | Noticed Jessica
  1073 | D:2      | Killed Jessica
  1073 | D:2      | Reached skill level 5 in Dodging
  1073 | D:2      | Reached XP level 3. HP: 19/19 MP: 4/4
  1595 | D:2      | Reached XP level 4. HP: 23/23 MP: 5/5
  1745 | D:2      | Reached skill level 5 in Stealth
  2923 | D:3      | HP: 1/23 [orc/dagger (2)]
  2925 | D:3      | Slain by a leopard gecko

Skill      XL: |  1  2  3  4 |
---------------+-------------+-----
Stealth        | 4 5 |  5.2
Short Blades   | 4 |  4.4
Dodging        | 5 |  5.9
Fighting       | |  2.4

Action                   |  1- 3 |  4- 6 || total
-------------------------+-------+-------++-------
Melee: Short sword       |   129 |   179 ||   308
 Stab: Sleeping          |     6 |     4 ||    10
Armor: Robe              |    10 |     9 ||    19
Dodge: Dodged            |    98 |   149 ||   247
